AoeStats
← JP

Arabia

508787182Analyzed
4v4 RM · 10d ago on Sep 24, 2026· 65m 10s· 8 players
Game mode
Random Map
Map size
Large (8 player)
Population
200
Speed
Normal
Resources
Standard
Victory
Conquest
Starting age
Dark Age
Ending age
Imperial Age
RankedLock teamsTeams togetherTeam positionsShared explorationLock speedFull tech treeHidden civsTurbo modeCheats
Victory
Defeat
🇨🇦 Lithuanians · Canada
794
+16
🇧🇷 Mongols · Brazil
774
+17
🇨🇦 Huns · Canada
756
+18
🇧🇷 Magyars · Brazil
741
+19
🇧🇷 Lithuanians · Brazil
868
-19
🇧🇷 Maya · Brazil
828
-19
🇧🇷 Tupi · Brazil
779
-17
🇧🇷 Georgians · Brazil
730
-15
s1d
9:54 Feudal Age
11:31 Horse Collar
13:36 Double-Bit Axe
18:39 Arson
21:16 Man-at-Arms
25:30 Castle Age
25:39 Bloodlines
27:13 Husbandry
27:33 Gold Mining
28:04 Elite Skirmisher
29:16 Bow Saw
34:20 Stone Mining
35:07 Padded Archer Armor
34:59 Fletching
35:57 Gold Shaft Mining
35:14 Pikeman
36:58 Wheelbarrow
38:48 Hand Cart
38:21 Loom
39:29 Heavy Plow
42:16 Imperial Age
39:16 Long Swordsman
40:22 Caravan
40:56 Ballistics
42:32 Heavy Cavalry Archer
44:09 Parthian Tactics
44:50 Elite Magyar Huszar
45:35 Recurve Bow
51:01 Halberdier
52:45 Thumb Ring
52:00 Crossbowman
55:56 Leather Archer Armor
55:36 Bodkin Arrow
Rique
10:32 Feudal Age
16:47 Castle Age
17:09 Double-Bit Axe
21:16 Scale Barding Armor
21:23 Forging
21:17 Husbandry
21:58 Bloodlines
26:38 Chain Barding Armor
29:44 Iron Casting
31:11 Horse Collar
37:19 Imperial Age
37:24 Elite Leitis
40:47 Plate Barding Armor
41:29 Wheelbarrow
40:40 Town Watch
44:20 Padded Archer Armor
44:13 Fletching
49:54 Bodkin Arrow
51:46 Hand Cart
51:17 Loom
54:31 Ballistics
thiagopri
8:43 Feudal Age
7:43 Loom
12:10 Double-Bit Axe
12:44 Horse Collar
17:46 Stone Mining
22:10 Gold Mining
25:58 Castle Age
24:52 Fletching
25:48 Padded Archer Armor
28:14 Gold Shaft Mining
28:12 Husbandry
28:23 Bloodlines
30:13 Wheelbarrow
29:49 Bodkin Arrow
30:10 Leather Archer Armor
32:58 Ballistics
34:27 Bow Saw
36:07 Scale Barding Armor
36:15 Forging
40:37 Imperial Age
39:04 Hand Cart
39:53 Chain Barding Armor
40:09 Iron Casting
41:06 Elite Mangudai
41:16 Capped Ram
42:45 Parthian Tactics
43:49 Heavy Camel Rider
46:03 Drill
47:27 Blast Furnace
46:28 Bracer
47:29 Heavy Cavalry Archer
53:42 Cavalier
55:11 Hoardings
55:39 Squires
55:31 Pikeman
56:49 Scale Mail Armor
57:35 Stone Shaft Mining
59:45 Elite Skirmisher
Fritz_Hoff
7:04 Loom
10:05 Feudal Age
8:25 Loom
10:52 Double-Bit Axe
10:49 Horse Collar
15:39 Fletching
16:02 Forging
17:39 Bloodlines
18:23 Scale Mail Armor
19:43 Scale Barding Armor
20:54 Wheelbarrow
25:28 Castle Age
24:06 Man-at-Arms
26:09 Light Cavalry
28:26 Hand Cart
28:01 Long Swordsman
30:01 Husbandry
30:57 Pikeman
31:37 Squires
32:29 Town Watch
35:16 Sanctity
36:21 Town Patrol
36:25 Fletching
37:57 Iron Casting
38:29 Padded Archer Armor
38:46 Elite Skirmisher
41:34 Ballistics
41:12 Bodkin Arrow
41:33 Leather Archer Armor
42:52 Chain Barding Armor
44:38 Thumb Ring
48:10 Imperial Age
49:58 Chemistry
50:02 Blast Furnace
49:18 Chain Mail Armor
49:08 Heavy Plow
49:21 Bow Saw
49:52 Halberdier
54:07 Parthian Tactics
54:12 Caravan
53:55 Heavy Cavalry Archer
53:57 Crossbowman
56:46 Conscription
65:10 Bracer
LaBoka69
9:35 Feudal Age
10:17 Double-Bit Axe
11:46 Loom
17:47 Castle Age
20:43 Wheelbarrow
20:21 Husbandry
20:26 Gold Mining
21:16 Squires
20:40 Pikeman
23:00 Horse Collar
27:26 Forging
28:28 Hand Cart
28:49 Scale Mail Armor
29:55 Bloodlines
32:37 Heavy Plow
32:50 Bow Saw
33:54 Iron Casting
34:22 Stone Mining
38:28 Imperial Age
39:28 Treadmill Crane
40:09 Ballistics
40:49 Chemistry
39:44 Cavalier
39:59 Capped Ram
41:16 Chain Mail Armor
41:10 Halberdier
42:10 Paladin
44:36 Fletching
45:21 Scale Barding Armor
54:44 Coinage
JP
5:31 Loom
11:51 Feudal Age
12:15 Horse Collar
12:23 Double-Bit Axe
13:57 Wheelbarrow
13:39 Gold Mining
16:49 Champi Runner
20:29 Arson
22:12 Padded Archer Armor
22:02 Fletching
26:42 Castle Age
27:08 Stone Mining
27:24 Heavy Plow
27:37 Bow Saw
28:04 Gold Shaft Mining
27:46 Leather Archer Armor
27:06 Crossbowman
29:50 Ballistics
31:44 Hand Cart
33:52 Hand Cart
34:53 Town Watch
35:55 Town Patrol
41:46 Imperial Age
39:58 Bodkin Arrow
40:40 Treadmill Crane
41:17 Caciques
43:34 Two-Man Saw
42:14 Elite Blackwood Archer
42:53 Arbalester
45:57 Curare
49:49 Chemistry
48:45 Champi Warrior
48:46 Pikeman
49:26 Squires
48:48 Elite Ibirapema Warrior
53:12 Arrowslits
55:16 Elite Champi Warrior
58:02 Bracer
61:46 Ring Archer Armor
Pancada
4:13 Loom
12:53 Feudal Age
13:56 Double-Bit Axe
13:57 Horse Collar
34:23 Gold Mining
34:23 Stone Mining
38:14 Castle Age
36:50 Wheelbarrow
36:01 Town Watch
40:42 Bow Saw
40:35 Heavy Plow
41:28 Stone Shaft Mining
41:59 Pikeman
42:00 Man-at-Arms
42:25 Gambesons
42:41 Squires
42:26 Arson
43:54 Padded Archer Armor
43:45 Fletching
48:30 Imperial Age
46:16 Hand Cart
46:01 Town Patrol
46:17 Hand Cart
48:45 Imperial Age
46:31 Hand Cart
46:17 Town Patrol
50:24 Leather Archer Armor
50:05 Bodkin Arrow
49:43 Long Swordsman
49:45 Halberdier
50:28 Two-Handed Swordsman
53:02 Champion
55:12 Crop Rotation
54:48 Bracer
58:07 Chemistry
57:27 Ballistics
dudu
7:25 Loom
10:27 Feudal Age
11:14 Double-Bit Axe
12:52 Horse Collar
14:06 Fletching
14:17 Padded Archer Armor
16:01 Gold Mining
21:39 Castle Age
22:27 Squires
21:47 Pikeman
23:58 Bow Saw
26:02 Thumb Ring
25:22 Crossbowman
31:47 Bodkin Arrow
32:08 Leather Archer Armor
33:05 Scale Mail Armor
34:02 Forging
36:14 Ballistics
35:58 Stone Mining
42:19 Stone Shaft Mining
47:10 Imperial Age
48:14 Halberdier
53:00 Bracer
53:35 Iron Casting
53:16 Chain Mail Armor
53:33 Arbalester
62:14 Blast Furnace
61:47 Ring Archer Armor
Connection lost

Rejoining the realm…

Still unreachable

The connection could not be restored.

Session expired

The server has moved on; the page needs a fresh start.